 Dungeon Crawl Stone Soup version 0.27-a0-1296-g8ece459b43 (webtiles) character file.

Game seed: 18392953803558550637

9575 Delamore the Spear-Bearer (level 11, -1/79 HPs)
             Began as a Formicid Fighter on June 16, 2021.
             Was an Initiate of Gozag.
             Slain by a skeletal warrior (31 damage)
             ... on level 9 of the Dungeon.
             The game lasted 00:16:34 (13140 turns).

Delamore the Spear-Bearer (Formicid Fighter)       Turns: 13140, Time: 00:16:35

Health: -1/79      AC: 11    Str: 21    XL:     11   Next: 76%
Magic:  11/11      EV:  7    Int:  8    God:    Gozag
Gold:   240        SH:  6    Dex: 18    Spells: 10/10 levels left

rFire    + + +     SeeInvis +   Q - +9 halberd "Sikipt" {speed, rF++ Str-3 Dex+4}
rCold    + . .     Faith    .   u - +1 buckler "Cuitryfu" {rN+ Dex+4}
rNeg     + . .     Spirit   .   N - +0 chain mail
rPois    +         Reflect  .   (helmet unavailable)
rElec    .         Harm     .   x - +0 cloak {rPois}
rCorr    .         Rampage  .   (no gloves)
Will     +....                  D - +0 pair of boots
Stlth    ..........             (no amulet)
HPRegen  0.23/turn              g - ring of protection from fire
MPRegen  0.12/turn              q - ring of protection from cold

@: mighty
A: permanent stasis, dig shafts and tunnels, antennae 3, four strong arms
a: Dig, Shaft Self, Renounce Religion, Potion Petition, Call Merchant, Bribe
Branch


You were on level 9 of the Dungeon.
You worshipped Gozag.
Gozag was aware of your devotion.
You visited 1 branch of the dungeon, and saw 9 of its levels.
You also visited: Sewer and Ossuary.

You collected 2132 gold pieces.
You spent 533 gold pieces at shops.
You paid 1359 gold pieces to Gozag.

Inventory:

Hand Weapons
 a - a +1 trident
 h - a +2 whip of venom
 K - the +11 plutonium sword {Contam Stlth-}
   (You found it on level 7 of the Dungeon)

   It causes magical contamination when unequipped.
   It makes you less stealthy.
 O - a +0 halberd of draining
 Q - the +9 halberd "Sikipt" (weapon) {speed, rF++ Str-3 Dex+4}
   (You bought it in a shop on level 9 of the Dungeon)

   Attacks with this weapon are significantly faster.
   It affects your strength (-3).
   It affects your dexterity (+4).
   It greatly protects you from fire.
Missiles
 s - 3 javelins
 B - 44 poisoned darts
 J - 2 atropa-tipped darts
 M - 3 throwing nets
Armour
 c - a +1 kite shield
 u - the +1 buckler "Cuitryfu" (worn) {rN+ Dex+4}
   (You found it on level 4 of the Dungeon)

   It affects your dexterity (+4).
   It protects you from negative energy.
 x - a +0 cloak of poison resistance (worn)
 D - a +0 pair of boots (worn)
 N - a +0 chain mail (worn)
Jewellery
 g - a ring of protection from fire (left hand)
 k - a ring of positive energy
 q - a ring of protection from cold (right hand)
 y - a +6 ring of intelligence
 H - a ring of flight
 P - a ring of magical power
Wands
 l - a wand of flame (5)
 p - a wand of digging (12)
 z - a wand of paralysis (9)
 C - a wand of iceblast (8)
 L - a wand of mindburst (7) (quivered)
Scrolls
 r - 2 scrolls of fear
 v - a scroll of amnesia
 A - 3 scrolls of fog
 F - a scroll of magic mapping
 G - 8 scrolls of teleportation
 I - 2 scrolls of identify
Potions
 b - a potion of berserk rage {unknown}
 d - a potion of might
 e - 4 potions of lignification
 f - 4 potions of haste
 i - 2 potions of attraction
 j - 2 potions of cancellation
 m - 3 potions of curing
 n - 5 potions of flight
 o - a potion of degeneration {unknown}
 t - 3 potions of mutation
 w - 4 potions of heal wounds
 E - 2 potions of magic


   Skills:
 - Level 5.0 Fighting
 - Level 9.2 Long Blades
 - Level 14.0 Polearms
 + Level 1.3 Throwing
 + Level 3.7 Armour
 + Level 4.1 Shields


You had 10 spell levels left.
You didn't know any spells.
Your spell library contained the following spells:

 Spells                   Type           Power      Damage    Failure   Level
 Animate Skeleton         Necr           0%         N/A       99%         1
 Apportation              Tloc           0%         N/A       99%         1
 Corona                   Hex            0%         N/A       99%         1
 Pain                     Necr           0%         1d4       99%         1
 Summon Small Mammal      Summ           0%         N/A       99%         1
 Lesser Beckoning         Tloc           0%         N/A       100%        3
 Tukima's Dance           Hex            0%         N/A       100%        3
 Vampiric Draining        Necr           0%         2d6       100%        3
 Animate Dead             Necr           0%         N/A       100%        4
 Agony                    Necr           0%         N/A       100%        5
 Alistair's Intoxication  Tmut/Pois      0%         N/A       100%        5
 Invisibility             Hex            0%         N/A       100%        6


Dungeon Overview and Level Annotations

Branches:
Dungeon (9/15)             Temple (0/1) D:5           Sewer (visited)
Ossuary (visited)
   Lair: D:8-11         Orc: D:9-12

Altars:
Cheibriados
Fedhas
Gozag
Nemelex Xobeh
Okawaru
Ru
The Shining One

Shops:
D:6 [   D:7 *   D:9 (


Innate Abilities, Weirdness & Mutations

You cannot be hasted, slowed, berserked, paralysed or teleported.
You can dig through walls and to a lower floor.
You have a pair of large antennae on your head. (SInv)
Your four strong arms can wield two-handed weapons with a shield.


Message History

The skeletal warrior is lightly damaged.
You barely miss the skeletal warrior.
The skeletal warrior is lightly damaged.
The skeletal warrior hits you but does no damage.
You writhe in agony.
You puncture the skeletal warrior!
The skeletal warrior is lightly damaged.
You hit the skeletal warrior but do no damage.
The skeletal warrior is lightly damaged.
The skeletal warrior closely misses you.
You slash the skeletal warrior!
The skeletal warrior is moderately damaged.
You hit the skeletal warrior but do no damage.
The skeletal warrior is moderately damaged.
The skeletal warrior hits you with a +0 dire flail of pain!
You hit the skeletal warrior but do no damage.
The skeletal warrior is moderately damaged.
You hit the skeletal warrior but do no damage.
The skeletal warrior is moderately damaged.
The skeletal warrior hits you with a +0 dire flail of pain!!
* * * LOW HITPOINT WARNING * * *
You hear a shout!
You closely miss the skeletal warrior.
The skeletal warrior is moderately damaged.
Aiming: Paralyse
Press: ? - help, Shift-Dir - straight line, f - skeletal warrior
Aim: a skeletal warrior, wielding a +0 dire flail of pain (moderately damaged, chance to affect: 1%)
Okay, then.
The skeletal warrior hits you with a +0 dire flail of pain!
* * * LOW HITPOINT WARNING * * *
You writhe in agony.
* * * LOW HITPOINT WARNING * * *
Okay, then.
You feel much better. The orc warrior barely misses you.
The skeletal warrior hits you with a +0 dire flail of pain.
You feel very mighty all of a sudden. You block the orc warrior's attack.
The skeletal warrior hits you with a +0 dire flail of pain!!
You die...
Your body crumbles into a pile of gold.

.....# {{....### { ..##.#
#..### ..#..# ####.o..###
.{..(# ###..#.#....### .....#
###..#.#o..#....### .....#
###..#.#.#.#(..#....#
.....####..#.#.#.#...#....###
.....##..#.#.#.#.#.#{{..#####
.....#.##..#.#.#@#..{.####..#
.....#.####..#.#z#(.####....#
.....##..####..#.o####......#
.....##.#.#####..###........#
###..##)#.#..#####..........#
####.##.#.#.#.###.##........#
##...##.#.#.#.#..#####...[..#
.#...##.#.#.##.###..####.[..#
.#...##.#[#.#####.#.#.####..##


You could see a skeletal warrior and an orc warrior.

Vanquished Creatures
  Harold (D:7)
  A centaur warrior (D:9)
  A two-headed ogre (D:8)
  2 gargoyles
  Maggie (D:8)
  A kobold demonologist (D:9)
  2 trolls (D:9)
  Prince Ribbit (D:8)
  A wraith (D:9)
  4 yaks
  3 wyverns (D:9)
  A vampire mosquito (D:9)
  A steam dragon (D:9)
  Duvessa (D:7)
  3 orc warriors
  An ice beast (D:6)
  2 black bears
  2 sky beasts
  3 ogres
  2 centaurs
  2 phantoms
  5 kobold brigands
  9 bullfrogs
  3 scorpions
  Dowan (D:7)
  A killer bee (D:9)
  5 wights (D:9)
  2 howler monkeys (D:9)
  A centaur zombie (D:9)
  2 bullfrog zombies
  2 jellies
  A gnoll shaman (D:6)
  2 human zombies (Ossuary)
  3 bullfrog skeletons
  6 orc priests
  A centaur skeleton (D:6)
  6 hounds
  Jessica (D:3)
  4 iguanas
  5 orc wizards
  5 hound zombies
  A hound skeleton (D:4)
  4 mummies
  2 howler monkey zombies
  A gnoll (D:4)
  2 howler monkey skeletons
  11 adders
  12 river rats
  2 shadow imps
  A white imp (D:6)
  An ufetubus (D:5)
  4 adder zombies (Ossuary)
  A worm (D:6)
  4 dart slugs
  21 orcs
  12 bats
  5 endoplasms
  8 giant cockroaches
  4 gnoll zombies (Ossuary)
  5 goblins
  6 hobgoblins
  4 jackals (D:4)
  3 quokkas
  20 ball pythons
  2 frilled lizards
  6 goblin zombies (Ossuary)
  5 hobgoblin zombies (Ossuary)
  2 jackal zombies (Ossuary)
  16 kobolds
  4 kobold zombies (Ossuary)
  An orc zombie (Ossuary)
  2 quokka zombies (Ossuary)
  21 rats
  3 rat zombies (Ossuary)
297 creatures vanquished.

Notes
Turn   | Place    | Note
-------+----------+-------------------------------------------
     0 | D:1      | Delamore the Formicid Fighter began the quest for the Orb.
     0 | D:1      | Reached XP level 1. HP: 18/18 MP: 1/1
   115 | D:1      | Reached XP level 2. HP: 24/24 MP: 2/2
   484 | D:2      | Reached XP level 3. HP: 30/30 MP: 3/3
   505 | D:2      | Reached skill level 3 in Polearms
   569 | D:2      | Noticed an ogre
   778 | D:3      | Reached XP level 4. HP: 26/37 MP: 4/4
  1089 | D:3      | Noticed Jessica
  1096 | D:3      | Killed Jessica
  1097 | D:3      | Reached skill level 4 in Polearms
  1097 | D:3      | Reached XP level 5. HP: 33/43 MP: 5/5
  1462 | D:2      | Found a snail-covered altar of Cheibriados.
  1484 | D:2      | Killed an ogre
  1485 | D:2      | Reached XP level 6. HP: 24/49 MP: 6/6
  1928 | D:2      | Found a faded altar of an unknown god.
  2039 | D:2      | Reached skill level 5 in Polearms
  2547 | D:4      | Reached skill level 5 in Fighting
  2582 | D:4      | Found a sparkling altar of Nemelex Xobeh.
  2584 | D:4      | Found a sacrificial altar of Ru.
  2821 | D:4      | Reached skill level 6 in Polearms
  2821 | D:4      | Reached XP level 7. HP: 15/56 MP: 7/7
  3147 | D:4      | Found an opulent altar of Gozag.
  3223 | D:4      | Became a worshipper of Gozag Ym Sagoz the Greedy
  3798 | D:4      | Reached skill level 7 in Polearms
  4580 | D:4      | Found an iron altar of Okawaru.
  4621 | D:4      | Reached XP level 8. HP: 19/62 MP: 8/8
  4756 | D:4      | Identified the +1 buckler "Cuitryfu" {rN+ Dex+4}
  4875 | D:5      | Entered Level 5 of the Dungeon
  4906 | D:5      | Reached skill level 8 in Polearms
  4925 | D:5      | Found a sand-covered staircase.
  4939 | Ossuary  | Entered an ossuary
  5530 | D:5      | Reached skill level 9 in Polearms
  5836 | D:5      | Found a staircase to the Ecumenical Temple.
  5998 | D:5      | Found a glowing golden altar of the Shining One.
  6553 | D:6      | Reached skill level 10 in Polearms
  6553 | D:6      | Reached XP level 9. HP: 39/68 MP: 9/9
  6593 | D:6      | Bought a +0 cloak of poison resistance for 127 gold pieces
  6766 | D:6      | Reached skill level 11 in Polearms
  7127 | D:6      | Found a glowing drain.
  7179 | Sewer    | Entered a sewer
  8623 | D:6      | Reached skill level 12 in Polearms
  8735 | D:7      | Noticed Duvessa
  8735 | D:7      | Noticed Dowan
  8746 | D:7      | Killed Dowan
  8765 | D:7      | Killed Duvessa
  9087 | D:7      | Reached XP level 10. HP: 18/74 MP: 10/10
  9114 | D:7      | HP: 2/74 [orc priest (9)]
  9680 | D:7      | Noticed a gargoyle
  9696 | D:7      | Killed a gargoyle
  9697 | D:7      | Found Piha's Practical Paraphernalia.
  9706 | D:7      | Bought a wand of paralysis (9) for 154 gold pieces
  9807 | D:7      | Reached skill level 13 in Polearms
 10000 | D:7      | Found the +11 plutonium sword {Contam Stlth-}
 10020 | D:7      | Noticed Harold
 10048 | D:7      | Killed Harold
 10457 | D:8      | Noticed Prince Ribbit
 10461 | D:8      | Noticed a two-headed ogre
 10884 | D:8      | Noticed Maggie
 10895 | D:8      | Killed a two-headed ogre
 10896 | D:8      | Killed Maggie
 11180 | D:8      | Found a blossoming altar of Fedhas.
 11218 | D:8      | Reached skill level 14 in Polearms
 11310 | D:8      | Killed Prince Ribbit
 11472 | D:7      | Reached XP level 11. HP: 79/79 MP: 11/11
 11526 | D:8      | Reached skill level 5 in Long Blades
 12828 | D:9      | Noticed a centaur warrior
 12842 | D:9      | Bought a blackened halberd for 252 gold pieces
 12842 | D:9      | Identified the +9 halberd "Sikipt" {speed, rF++ Str-3
                  | Dex+4} (You bought it in a shop on level 9 of the Dungeon)
 12849 | D:9      | Killed a centaur warrior
 13117 | D:9      | Reached skill level 1 in Throwing
 13117 | D:9      | Noticed a skeletal warrior
 13119 | D:9      | Identified the +11 scythe of Jezeon {freeze, Dex+3}
 13119 | D:9      | Identified the ring "Onawy" {Fly Int+6}
 13140 | D:9      | Slain by a skeletal warrior

Illustrated notes

Levels and vault maps discovered:
D:1:      lemuel_arrival_tunnels, layout_rooms, chequers_serial_rivers_micro_b
D:2:      layout_basic, basic_altar, ebering_ecumenical_altar_sacrificial,
          patterned_corridor
D:3:      layout_loops_ring, uniq_jessica
D:4:      minmay_bubble_buster, layout_rooms, lemuel_tele_altar,
          marbit_many_paths, gammafunk_temple_overflow_pools,
          minmay_misc_feat_square
D:5:      layout_cave_pools, amcnicky_altar_gilded,
          minmay_temple_entry_stoned_glass, gup_ossuary_entry_pyramid
D:6:      minmay_inner_zag, layout_rooms, serial_rivers,
          chequers_serial_rivers_small_a, chequers_serial_rivers_micro_a,
          chequers_serial_rivers_small_3, chequers_serial_rivers_small_a,
          chequers_serial_rivers_small_b, chequers_serial_rivers_micro_d,
          portal_sewer_entry_c
D:7:      layout_loops_cross, eino_curves_03, nicolae_alphabet_shops,
          uniq_harold, uniq_duvessa
D:8:      layout_rooms, fedhas_altar_1, eino_small_chamber_without_monster,
          uniq_maggie, uniq_prince_ribbit1
D:9:      minmay_the_grid_triangle_9x9_rhombus_full
          [minmay_the_grid_triangle_9x9_stretched_checkered,
          minmay_the_grid_triangle_9x9_impossible_snake,
          minmay_the_grid_triangle_9x9_zippers_vertical,
          minmay_the_grid_triangle_9x9_corrupted_corridor,
          minmay_the_grid_triangle_9x9_empty,
          minmay_the_grid_triangle_9x9_negative_grid,
          minmay_the_grid_triangle_9x9_flanged_cone,
          minmay_the_grid_triangle_9x9_prize_insulated], layout_cave_pools,
          uniq_gastronok

Skill      XL: |  1  2  3  4  5  6  7  8  9 10 11 |
---------------+----------------------------------+-----
Polearms       | 3 4 6 7 10 12 14 | 14.0
Fighting       | 4 5 |  5.0
Long Blades    | 4 9 |  9.2
Throwing       | 1 |  1.3
Shields        | 4 |  4.1
Armour         | |  3.7

Action                   |  1- 3 |  4- 6 |  7- 9 | 10-12 || total
-------------------------+-------+-------+-------+-------++-------
Melee: Trident           |    67 |       |   533 |   318 ||   918
       Whip              |    19 |   120 |   238 |    28 ||   405
       Halberd           |       |       |       |    26 ||    26
Throw: Dart              |       |       |       |    51 ||    51
       Javelin           |       |       |       |     2 ||     2
Invok: Call Merchant     |       |       |     1 |     1 ||     2
 Abil: Dig               |     2 |       |     8 |     5 ||    15
Evoke: Wand              |       |       |     4 |    30 ||    34
  Use: Scroll            |     1 |     5 |    12 |     4 ||    22
       Potion            |       |       |       |    10 ||    10
 Stab: Distracted        |       |       |     1 |     3 ||     4
       Paralysed         |       |       |     8 |    10 ||    18
Armor: Scale mail        |    38 |    60 |   302 |    17 ||   417
       Chain mail        |       |       |       |    41 ||    41
Dodge: Dodged            |    25 |    45 |   286 |    73 ||   429
Block: Kite shield       |    46 |    78 |    69 |       ||   193
       Buckler           |       |       |   167 |    62 ||   229

Table legend: (Time is in decaauts)
 A = Elapsed time spent in this place.
 B = Non-inter-level travel time spent in this place.
 C = Inter-level travel time spent in this place.
 D = Time resting spent in this place.
 E = Time spent auto-exploring this place.
 F = Levels seen in this place.
 G = Mean time per level.
                   A        B        C        D        E       F      G
               +--------+--------+--------+--------+--------+-----+--------+
         Total |  13086 |  12739 |    347 |   2814 |   7266 |  11 | 1189.6 |
       Dungeon |  11387 |  11040 |    347 |   2376 |   6518 |   9 | 1265.2 |
         Sewer |   1152 |   1152 |      0 |    438 |    422 |   1 | 1152.0 |
       Ossuary |    546 |    546 |      0 |      0 |    325 |   1 |  546.0 |
               +--------+--------+--------+--------+--------+-----+--------+

Top non-repeatable levels by time:
     D:4: 2285 daAuts
     D:7: 2144 daAuts
   Sewer: 1152 daAuts
     D:6: 1152 daAuts
     D:3: 1125 daAuts
     D:8: 1108 daAuts
     D:2: 1062 daAuts
     D:9: 1032 daAuts
     D:5: 981 daAuts
 Ossuary: 546 daAuts
     D:1: 492 daAuts
